 Dungeon Crawl Stone Soup version 0.29.1-12-g30fa7ad0bf (webtiles) character file.

Game seed: 5764964476429036728

329 KittyFluff the Cudgeller (level 6, -14/57 HPs)
             Began as a Gargoyle Berserker on Dec 25, 2022.
             Was a Believer of Trog.
             Demolished by an ogre
             ... wielding a +0 giant club
              (17 damage)
             ... on level 4 of the Dungeon.
             The game lasted 00:15:03 (3942 turns).

KittyFluff the Cudgeller (Gargoyle Berserker)       Turns: 3942, Time: 00:15:04

Health: -14/57     AC:  9    Str: 22    XL:     6   Next: 51%
Magic:  6/6        EV: 12    Int:  8    God:    Trog [**....]
Gold:   203        SH:  0    Dex:  9    Spells: 5/5 levels left

rFire   . . .      SeeInvis .   a - +0 mace
rCold   . . .      Faith    .   (no shield)
rNeg    + . .      Spirit   .   d - +0 leather armour
rPois   ∞          Reflect  .   (no helmet)
rElec   +          Harm     .   (no cloak)
rCorr   .          Rampage  .   (no gloves)
Will    .....                   y - +0 pair of boots
Stlth   ..........              (no amulet)
HPRegen 0.19/turn               (no ring)
MPRegen 0.10/turn               (no ring)

@: berserking, very quick
A: sickness immunity, AC +4, negative energy resistance 1, electricity
resistance, torment resistance 1, petrification resistance
a: Renounce Religion, Berserk, Trog's Hand


You were on level 4 of the Dungeon.
You worshipped Trog.
Trog was pleased with you.
You visited 1 branch of the dungeon, and saw 4 of its levels.

You collected 203 gold pieces.

Inventory:

Hand Weapons
 a - a +0 mace (weapon)
Missiles
 k - 6 poisoned darts (quivered)
Armour
 b - a +0 animal skin
 d - a +0 leather armour (worn)
 e - a +0 scale mail
 y - a +0 pair of boots (worn)
Wands
 l - a wand of charming (5)
 r - a wand of flame (5)
 t - a wand of iceblast (7)
 A - a wand of polymorph (6)
Scrolls
 c - a scroll of amnesia {unknown}
 g - a scroll of enchant armour {unknown}
 h - a scroll of magic mapping {unknown}
 m - 2 scrolls of identify {unknown}
 o - a scroll of poison {unknown}
 p - a scroll of teleportation {unknown}
 q - a scroll of fear {unknown}
 s - a scroll of enchant weapon {unknown}
 v - a scroll of blinking {unknown}
Potions
 f - a potion of heal wounds {unknown}
 i - a potion of lignification {unknown}
 j - a potion of brilliance {unknown}
 n - a potion of mutation {unknown}
 u - a potion of degeneration {unknown}
 w - a potion of flight {unknown}
 x - a potion of attraction {unknown}
 z - a potion of cancellation {unknown}


   Skills:
 + Level 4.2 Fighting
 + Level 4.8 Maces & Flails
 * Level 3.9 Armour
 + Level 3.1 Dodging
 + Level 0.1 Stealth


You had 5 spell levels left.
You didn't know any spells.
Your spell library was empty.

Dungeon Overview and Level Annotations

Branches:
Dungeon (4/15)
 Temple: D:4-7

Altars:

Shops:
D:3 ==*=


Innate Abilities, Weirdness & Mutations

You are immune to sickness and miasma.
Your stone body is resilient. (AC +4)
You are immune to poison.
You resist negative energy. (rN+)
You are resistant to electric shocks. (rElec)
You are resistant to unholy torment.
You are immune to petrification.


Message History

Things that are here:
a +0 club; a goblin corpse
Found a stone staircase leading down.
You start resting.
HP restored.
Found 12 gold pieces.
You now have 203 gold pieces (gained 12).
Found a long sword.
You see here a +0 long sword.
Found 5 stones.
You see here 5 stones.
An ogre comes into view. It is wielding a +0 giant club.
The ogre shouts!
The ogre hits you with a +0 giant club!
You sock the ogre!
The ogre is moderately wounded.
You hit the ogre.
The ogre is moderately wounded.
The ogre closely misses you.
You barely miss the ogre.
The ogre is moderately wounded.
The ogre closely misses you.
You hit the ogre but do no damage.
The ogre is moderately wounded.
The ogre hits you with a +0 giant club.
You hit the ogre.
The ogre is heavily wounded.
You hit the ogre.
The ogre is heavily wounded.
The ogre hits you with a +0 giant club!!
Ouch! That really hurt!
* * * LOW HITPOINT WARNING * * *
A red film seems to cover your vision as you go berserk!
You feel yourself moving faster!
You feel mighty! The ogre barely misses you.
You barely miss the ogre.
The ogre is heavily wounded.
You sock the ogre!
The ogre is almost dead.
The ogre hits you with a +0 giant club!
You die...

#.#.#.####.#
......# #.#
#.#.#.# #.#
#.#.#.# #.#
##.#.#.# #(#
....#.# #.# #.
#.#.#.# #.#
##...##O#.######.#
.......@.........#
..........########
.............
##..########## ##


You could see an ogre.

Vanquished Creatures
  Sigmund (D:3)
  A hound (D:4)
  Ijyb (D:2)
  3 adders
  A dart slug (D:3)
  7 ball pythons
  12 bats
  9 endoplasms
  3 giant cockroaches
  12 goblins
  7 hobgoblins
  A jackal (D:2)
  3 kobolds
  7 quokkas
  4 frilled lizards
  6 rats
78 creatures vanquished.

Vanquished Creatures (others)
  A frilled lizard (D:3)
  9 plants (D:2)
10 creatures vanquished.

Grand Total: 88 creatures vanquished

Notes
Turn   | Place    | Note
-------+----------+-------------------------------------------
     0 | D:1      | KittyFluff the Gargoyle Berserker began the quest for the
                  | Orb.
     0 | D:1      | Reached XP level 1. HP: 14/14 MP: 1/1
   208 | D:1      | Reached XP level 2. HP: 19/19 MP: 2/2
   772 | D:1      | Reached XP level 3. HP: 22/24 MP: 3/3
  1148 | D:2      | Reached ** piety under Trog
  1458 | D:2      | Reached XP level 4. HP: 28/29 MP: 4/4
  2125 | D:3      | Noticed Ijyb
  2587 | D:2      | Killed Ijyb
  2809 | D:3      | Found Gilaruenuk's Jewellery Boutique.
  2892 | D:3      | Reached XP level 5. HP: 32/33 MP: 5/5
  2915 | D:3      | Found Qegeim's Jewellery Emporium.
  2987 | D:3      | Found Icauw's Assorted Antiques.
  3005 | D:3      | Noticed Sigmund
  3017 | D:3      | Killed Sigmund
  3018 | D:3      | Reached XP level 6. HP: 38/38 MP: 6/6
  3500 | D:3      | Found Kapios's Jewellery Shop.
  3939 | D:4      | HP: 1/38 [ogre/+0 giant club (23)]
  3942 | D:4      | Demolished by an ogre

Illustrated notes

Levels and vault maps discovered:
D:1:      ncdulo_smallfort, layout_basic, nicolae_kite_square_tiling_tiny,
          wad_floor_pattern_1
D:2:      layout_loops_corners, chequers_big_river
D:3:      layout_loops_cross, serial_shops, shop, nicolae_shop_crystal, shop,
          nicolae_shop_statue_plus, kennysheep_pointless_box,
          minmay_fractal_squares_diagonal_5, uniq_ijyb, uniq_sigmund
D:4:      minmay_evil_eye, layout_basic

Skill      XL: |  1  2  3  4  5 |
---------------+----------------+-----
Armour         | 3 |  3.9
Maces & Flails | 4 |  4.8
Dodging        | 2 3 |  3.1
Fighting       | 4 |  4.2
Stealth        | |  0.1

Action                   |  1- 3 |  4- 6 || total
-------------------------+-------+-------++-------
Melee: Mace              |   105 |   150 ||   255
       Punch             |     1 |     1 ||     2
Invok: Berserk           |       |     4 ||     4
Armor: Leather armour    |    60 |   100 ||   160
       Animal skin       |     1 |       ||     1
Dodge: Dodged            |    81 |   143 ||   224
